Match 47466008
Unlisted

Match 47466008
End
Construct Weapon Support Center
Selects Advanced Infantry Battlegroup
M1919 Machine Gun Team
Bazooka Squad
M1919 Machine Gun Team
Construct Barracks
Riflemen Squad
Selects Artillery Observers
Mechanized Support Center
Selects Convert to Ranger Squad
Construct Motor Pool
M8 Greyhound Armored Car
Selects Frontline Medical Station
Frontline Medical Station
Bazooka Squad
Designate Forward Repair Station
Riflemen Squad
Freeze
KoMoDЫ4
_Nemez_
T-REX
Seven
mi prima de Cifuentes
Грибобас
厄运宣告
0
0

Comments sign in to comment!

No comments posted yet!